 Dungeon Crawl Stone Soup version 0.31-a0-188-g5e087ee2ca (webtiles) character file.

Game seed: 14463048105162055766

46 qw the Shooter (level 3, -2/20 HPs)
             Began as a Deep Elf Hunter on June 23, 2023.
             Slain by Sigmund
             ... wielding a +6 heavy scythe
              (22 damage)
             ... on level 3 of the Dungeon.
             The game lasted 00:00:25 (1697 turns).

qw the Shooter (Deep Elf Hunter)                    Turns: 1697, Time: 00:00:25

Health: -2/20      AC:  5    Str: 10    XL:     3   Next: 44%
Magic:  5/5        EV: 11    Int: 13    God:
Gold:   104        SH:  0    Dex: 18    Spells: 2/2 levels left

rFire   . . .        Y - +0 shortbow
rCold   . . .        (shield currently unavailable)
rNeg    . . .        i - +0 ring mail
rPois   .            (no helmet)
rElec   .            (no cloak)
rCorr   .            (no gloves)
SInv    .            (no boots)
Will    +....        (no amulet)
Stlth   +            a - ring of willpower
HPRegen 0.23/turn    (no ring)
MPRegen 0.09/turn

%: no passive effects
@: no status effects
A: no striking features
a: no special abilities


You were on level 3 of the Dungeon.
You visited 1 branch of the dungeon, and saw 3 of its levels.

You collected 130 gold pieces.
You spent 26 gold pieces at shops.


   Skills:
 - Level 1.5 Fighting
 + Level 7.0 Ranged Weapons
 - Level 2.4 Dodging
 - Level 1.2 Stealth


You had 2 spell levels left.
You didn't know any spells.
Your spell library was empty.

Inventory:

Hand Weapons
 Y - a +0 shortbow (weapon)
Armour
 i - a +0 ring mail (worn)
Jewellery
 a - a ring of willpower (left hand)
Scrolls
 b - a scroll of identify

Dungeon Overview and Level Annotations

Branches:
Dungeon (3/15)

Altars:

Shops:
D:2 ?

Annotations:
D:3 Sigmund


Message History

There is a stone staircase leading down here.
You climb downwards.
There is a stone staircase leading up here.
Waypoint 2 assigned to D:3.
Found a whip.
An adder and a rat come into view.
Found a stone staircase leading up.
You shoot an arrow.
The arrow hits the adder but does no damage.
The adder hisses angrily.
The adder bites you but does no damage.
You shoot an arrow. The arrow hits the adder!
You kill the adder!
Your Ranged Weapons skill increases to level 7!
You shoot an arrow. The arrow hits the rat.
The rat is heavily wounded.
You shoot an arrow. The arrow closely misses the rat.
The rat bites you but does no damage. The rat barely misses you.
You shoot an arrow. The arrow hits the rat.
You kill the rat!
Found a stone staircase leading down.
There is a stone staircase leading up here.
Sigmund the Dreaded comes into view.
He is wielding a +6 heavy scythe.
You shoot an arrow. The arrow hits Sigmund.
Sigmund shouts!
Sigmund is lightly wounded.
You shoot an arrow. The arrow hits Sigmund.
Sigmund is moderately wounded.
You shoot an arrow. The arrow barely misses Sigmund.
You shoot an arrow. The arrow closely misses Sigmund.
Sigmund hits you but does no damage.
You shoot an arrow.
The arrow hits Sigmund but does no damage.
Sigmund is moderately wounded.
A goblin comes into view. It is wielding a +0 club.
You shoot an arrow. The arrow barely misses Sigmund.
The goblin shouts!
Sigmund hits you from afar with a +6 heavy scythe!!
Ouch! That really hurt!
You die...

....#
...g ...
... #.#
#@# #.##
#@.#
##.# #.#
#.# #.#
#.###
#...#
###.####
#....##


You could see Sigmund and a goblin.

Vanquished Creatures
  2 adders
  A dart slug (D:1)
  5 bats
  An endoplasm (D:1)
  4 goblins
  3 hobgoblins
  A quokka (D:2)
  3 ball pythons
  2 frilled lizards (D:2)
  A kobold (D:2)
  2 rats
25 creatures vanquished.

Notes
Turn   | Place    | Note
-------+----------+-------------------------------------------
     0 | D:1      | qw the Deep Elf Hunter began the quest for the Orb.
     0 | D:1      | Reached XP level 1. HP: 12/12 MP: 3/3
     0 | D:1      | 0 ||| qw: Version: 0.3-a-9-g12657ce
     0 | D:1      | 0 ||| qw: Game counter: 4389
     0 | D:1      | 0 ||| qw: Always use a shield: true
     0 | D:1      | 0 ||| qw: God list: Okawaru
     0 | D:1      | 0 ||| qw: Allow faded altars: false
     0 | D:1      | 0 ||| qw: Do Orc after D:15 true
     0 | D:1      | 0 ||| qw: Do second Lair branch before Depths: true
     0 | D:1      | 0 ||| qw: Lair rune preference: random
     0 | D:1      | 0 ||| qw: Plans: Normal
     0 | D:1      | 0 ||| PLANNING D:1-11
   280 | D:1      | 280 ||| FLEEEEING.
   298 | D:1      | Reached skill level 6 in Ranged Weapons
   298 | D:1      | Reached XP level 2. HP: 16/16 MP: 4/4
  1046 | D:1      | 1046 ||| DROPPING scarf of harm.
  1047 | D:1      | 1047 ||| UPGRADING to +0 scale mail.
  1057 | D:1      | 1057 ||| DROPPING +0 leather armour.
  1058 | D:1      | 1058 ||| UPGRADING to +0 ring mail.
  1068 | D:1      | 1068 ||| DROPPING +0 scale mail.
  1069 | D:1      | 1069 ||| READING scroll labelled LAR RAOC MIARGH.
  1070 | D:1      | 1070 ||| READING scroll labelled PENILI OSEUSTA.
  1071 | D:1      | 1071 ||| READING scroll labelled XUMMON NILU.
  1076 | D:1      | 1076 ||| READING scroll labelled ASUGGUTUESH.
  1077 | D:1      | 1077 ||| DROPPING scroll of butterflies.
  1246 | D:2      | Reached XP level 3. HP: 20/20 MP: 5/5
  1320 | D:2      | Found The Oracle's Delphic Readings.
  1324 | D:2      | 1324 ||| BUYING scroll of identify (26 gold).
  1324 | D:2      | Bought a scroll of identify for 26 gold pieces
  1619 | D:2      | 1619 ||| UPGRADING to ring of willpower.
  1620 | D:2      | 1620 ||| READING 2 scrolls of identify.
  1620 | D:2      | 1620 ||| IDENTIFYING black potion
  1621 | D:2      | 1621 ||| DROPPING potion of brilliance.
  1657 | D:3      | Reached skill level 7 in Ranged Weapons
  1691 | D:3      | Noticed Sigmund
  1697 | D:3      | Slain by Sigmund

Levels and vault maps discovered:
D:1:      amcnicky_arrival_feature_with_door, layout_basic, chequers_big_river
D:2:      layout_rooms, nicolae_nh_oracle_at_delphi
D:3:      layout_rooms, cheibrodos_ashenzari_chains,
          mainiacjoe_overflow_six_doors_small,
          wander_ebering_terrifying_dragon_lair, uniq_sigmund

Skill      XL: |  1  2  3 |
---------------+----------+-----
Ranged Weapons | 6 7 |  7.0
Fighting       | |  1.5
Dodging        | |  2.4
Stealth        | |  1.2

Action                     || total
---------------------------++-------
   Fire: Shortbow          ||    64
    Use: Scroll            ||     5
 Armour: Ring mail         ||     5
         Leather armour    ||     1
  Dodge: Dodged            ||    13

Table legend:
 A = Non-vault XP
 B = Vault XP
 C = Vault XP percentage of total XP
 D = Non-vault monster count
 E = Vault monster count
 F = Vault count percentage of total count
                 A         B        C        D         E       F
            +---------+---------+-------+---------+---------+-------
      Total |      63 |       3 |   4.5 |      23 |       2 |   8.0
            +---------+---------+-------+---------+---------+-------
        D:1 |      26 |       0 |   0.0 |      13 |       0 |   0.0
        D:2 |      23 |       3 |  11.5 |       8 |       2 |  20.0
        D:3 |      14 |       0 |   0.0 |       2 |       0 |   0.0
            +---------+---------+-------+---------+---------+-------
